AoeStats
← Lorazepam "Hogg Zogg" Salad Dog

Arena

505201783Analyzed
1v1 RM · 24d ago on Sep 8, 2026· 48m 4s· 2 players
Game mode
Random Map
Map size
Tiny (2 player)
Population
200
Speed
Normal
Resources
Standard
Victory
Conquest
Starting age
Dark Age
Ending age
Imperial Age
RankedLock teamsTeams togetherTeam positionsShared explorationLock speedFull tech treeHidden civsTurbo modeCheats
Victory
Defeat
1534
+19
🇧🇪 Bengalis · Belgium
1595
-19
Lord Tatami II
9:07 Feudal Age
9:27 Horse Collar
9:33 Double-Bit Axe
11:41 Wheelbarrow
16:54 Castle Age
15:59 Fletching
18:13 Gold Mining
21:56 Bodkin Arrow
30:26 Imperial Age
27:41 Loom
27:42 Town Watch
28:25 Padded Archer Armor
29:01 Stone Mining
30:18 Leather Archer Armor
31:09 Bracer
30:57 Elite Elephant Archer
34:57 Paiks
36:03 Chemistry
35:15 Careening
36:25 Ballistics
35:58 Onager
40:13 Ring Archer Armor
41:04 Scale Barding Armor
41:10 Forging
43:14 Bloodlines
43:05 Husbandry
42:26 Light Cavalry
43:59 Herbal Medicine
45:24 Masonry
45:48 Chain Barding Armor
47:16 Plate Barding Armor
47:17 Iron Casting
Lorazepam "Hogg Zogg" Salad Dog
4:40 Double-Bit Axe
10:25 Feudal Age
14:38 Castle Age
13:44 Horse Collar
15:01 Bow Saw
15:22 Husbandry
17:05 Light Cavalry
18:01 Fervor
20:42 Wheelbarrow
19:53 Loom
20:33 Heavy Plow
22:49 Sanctity
23:40 Gold Mining
24:37 Hand Cart
24:07 Loom
25:41 Elite Skirmisher
27:29 Two-Man Saw
28:21 Gold Shaft Mining
27:36 Stone Mining
28:40 Crop Rotation
28:21 Town Watch
29:59 Fletching
30:10 Padded Archer Armor
32:50 Imperial Age
30:17 Cavalier
30:54 Bodkin Arrow
31:14 Leather Archer Armor
31:44 Scale Barding Armor
31:49 Forging
32:04 Ballistics
32:04 Scale Mail Armor
33:07 Stone Shaft Mining
32:42 Town Patrol
33:03 Chain Barding Armor
33:36 Iron Casting
33:56 Bracer
34:57 Chemistry
33:41 Paladin
35:22 Plate Barding Armor
35:47 Blast Furnace
36:29 Blast Furnace
35:44 Chain Mail Armor
36:16 Burgundian Vineyards
36:32 Conscription
36:44 Masonry
36:14 Treadmill Crane
36:30 Murder Holes
37:32 Plate Mail Armor
37:25 Fortified Wall
37:53 Hoardings
37:15 Hussar
37:18 Pikeman
37:58 Squires
37:44 Arson
38:23 Halberdier
39:35 Architecture
43:01 Sappers
46:41 Guilds
Connection lost

Rejoining the realm…

Still unreachable

The connection could not be restored.

Session expired

The server has moved on; the page needs a fresh start.